TOP OF THE 1ST |
Baltimore (WIN) Orioles batting - Pitching for Boston (WIN) Red Sox : RHP Frank Picaso
|
Pitching: RHP Frank Picaso
|
|
Batting: RHB Joe Young
|
0-0: Foul Ball, location: 2F 0-1: Ground out 6-3 (Groundball, 6, EV 83.8 MPH)
|
Batting: RHB Maup Gommers
|
0-0: Foul Ball, location: 2F 0-1: Ball 1-1: Ball 2-1: Foul Ball, location: 2F 2-2: Ball 3-2: Strikes out swinging
|
Batting: RHB Daniel Jackson
|
0-0: Ball 1-0: Ball 2-0: Ball 3-0: Called Strike 3-1: Fly out, F8 (Line Drive, 8RD, EV 94.4 MPH)
|
Top of the 1st over - 0 runs, 0 hits, 0 errors, 0 left on base; Baltimore (WIN) 0 - Boston (WIN) 0 |
BOTTOM OF THE 1ST |
Boston (WIN) Red Sox batting - Pitching for Baltimore (WIN) Orioles : RHP Angel Cerros
|
Pitching: RHP Angel Cerros
|
|
Batting: RHB Tony Nunez
|
0-0: Called Strike 0-1: SINGLE (Groundball, 56S, EV 69.4 MPH) (infield hit)
|
Batting: LHB Tim Fuller
|
0-0: Fly out, F7 (Line Drive, 78D, EV 90.0 MPH)
|
Batting: RHB Jose Diaz
|
0-0: Called Strike 0-1: Called Strike 0-2: Foul Ball, location: 2F 0-2: Foul Ball, location: 2F 0-2: Fly out, F4 (Popup, 4, EV 72.5 MPH)
|
Batting: LHB Zack Guillen
|
0-0: Ball 1-0: Ball 2-0: Ball 3-0: Base on Balls Tony Nunez to second
|
Batting: SHB Greg Shaw
|
0-0: Ball 1-0: Ball 2-0: Ball 3-0: Called Strike 3-1: Foul Ball, location: 2F 3-2: Fly out, F9 (Flyball, 9D, EV 107.5 MPH)
|
Bottom of the 1st over - 0 runs, 1 hit, 0 errors, 2 left on base; Baltimore (WIN) 0 - Boston (WIN) 0 |
TOP OF THE 2ND |
Baltimore (WIN) Orioles batting - Pitching for Boston (WIN) Red Sox : RHP Frank Picaso
|
Batting: RHB Jonathan Mendoza
|
0-0: Foul Ball, location: 2F 0-1: Foul Ball, location: 2F 0-2: Strikes out swinging
|
Batting: RHB Luke Vaccarino
|
0-0: Called Strike 0-1: DOUBLE (Flyball, 78XD, EV 106.2 MPH)
|
Batting: RHB John Gray
|
0-0: Foul Ball, location: 2F 0-1: Ball Wild Pitch! Luke Vaccarino to third 1-1: Ball 2-1: DOUBLE (Groundball, 5L, EV 105.6 MPH) Luke Vaccarino scores
|
Batting: RHB Jeremy Sipe
|
0-0: Fly out, F7 (Flyball, 7, EV 85.6 MPH)
|
Batting: RHB Mike Pitts
|
0-0: Foul Ball, location: 2F 0-1: Ball 1-1: Ball 2-1: SINGLE (Groundball, 56D, EV 96.2 MPH) John Gray to third Runner from 3rd tries for Home, SAFE, throw by LF to home
|
Batting: RHB Juan Estrada
|
0-0: Ball 1-0: Ball 2-0: Called Strike 2-1: Swinging Strike 2-2: Strikes out looking
|
Top of the 2nd over - 2 runs, 3 hits, 0 errors, 1 left on base; Baltimore (WIN) 2 - Boston (WIN) 0 |
BOTTOM OF THE 2ND |
Boston (WIN) Red Sox batting - Pitching for Baltimore (WIN) Orioles : RHP Angel Cerros
|
Batting: RHB Sal Rivera
|
0-0: Ball 1-0: Ball 2-0: Ball 3-0: Called Strike 3-1: Ground out 6-3 (Groundball, 6, EV 87.5 MPH)
|
Batting: RHB Miguel Villanueva
|
0-0: Ball 1-0: Ball 2-0: Ball 3-0: Called Strike 3-1: Base on Balls
|
Batting: RHB Joe Evrard
|
0-0: Foul Ball, location: 2F 0-1: Swinging Strike 0-2: Ball 1-2: SINGLE (Groundball, 6MD, EV 110.0 MPH) Miguel Villanueva to second
|
Batting: RHB Ted Emmerich
|
0-0: Ball 1-0: Ball 2-0: SINGLE (Groundball, 34D, EV 103.1 MPH) Miguel Villanueva to third Joe Evrard to second
|
Batting: RHB Tony Nunez
|
0-0: Ball 1-0: Ball 2-0: Ball 3-0: Base on Balls Miguel Villanueva scores Joe Evrard to third Ted Emmerich to second
|
Batting: LHB Tim Fuller
|
0-0: Ball 1-0: Ball 2-0: Ball 3-0: Base on Balls Joe Evrard scores Ted Emmerich to third Tony Nunez to second
|
Batting: RHB Jose Diaz
|
0-0: Grounds into double play, 6-4-3 (Groundball, 56, EV 83.1 MPH)
|
Bottom of the 2nd over - 2 runs, 2 hits, 0 errors, 2 left on base; Baltimore (WIN) 2 - Boston (WIN) 2 |
TOP OF THE 3RD |
Baltimore (WIN) Orioles batting - Pitching for Boston (WIN) Red Sox : RHP Frank Picaso
|
Batting: RHB Joe Young
|
0-0: Foul Ball, location: 2F 0-1: Swinging Strike 0-2: Strikes out swinging
|
Batting: RHB Maup Gommers
|
0-0: Ball 1-0: Swinging Strike 1-1: Ground out U3 (Groundball, 34, EV 85.0 MPH)
|
Batting: RHB Daniel Jackson
|
0-0: SINGLE (Groundball, 6MD, EV 95.0 MPH)
|
Batting: RHB Jonathan Mendoza
|
0-0: Ball 1-0: Foul Ball, location: 2F 1-1: Ball 2-1: Foul Ball, location: 2F 2-2: Foul Ball, location: 2F 2-2: Strikes out swinging
|
Top of the 3rd over - 0 runs, 1 hit, 0 errors, 1 left on base; Baltimore (WIN) 2 - Boston (WIN) 2 |
BOTTOM OF THE 3RD |
Boston (WIN) Red Sox batting - Pitching for Baltimore (WIN) Orioles : RHP Angel Cerros
|
Batting: LHB Zack Guillen
|
0-0: Ball 1-0: Ball 2-0: Ball 3-0: SOLO HOME RUN (Flyball, 9D, EV 109.4 MPH), Distance : 436 ft
|
Batting: SHB Greg Shaw
|
0-0: Called Strike 0-1: Ball 1-1: Foul Ball, location: 2F 1-2: Ball 2-2: Fly out, F8 (Line Drive, 8LD, EV 90.0 MPH)
|
Batting: RHB Sal Rivera
|
0-0: SINGLE (Line Drive, 7S, EV 86.9 MPH)
|
Batting: RHB Miguel Villanueva
|
0-0: Ball 1-0: Called Strike 1-1: Ball 2-1: Fly out, F8 (Flyball, 8LD, EV 89.4 MPH)
|
Batting: RHB Joe Evrard
|
0-0: Called Strike 0-1: Ball 1-1: Foul Ball, location: 2F 1-2: Ball 2-2: Fly out, F8 (Flyball, 8RD, EV 95.6 MPH)
|
Bottom of the 3rd over - 1 run, 2 hits, 0 errors, 1 left on base; Baltimore (WIN) 2 - Boston (WIN) 3 |
TOP OF THE 4TH |
Baltimore (WIN) Orioles batting - Pitching for Boston (WIN) Red Sox : RHP Frank Picaso
|
Batting: RHB Luke Vaccarino
|
0-0: Ball 1-0: Called Strike 1-1: Ball 2-1: Swinging Strike 2-2: Foul Ball, location: 2F 2-2: SINGLE (Groundball, 4MD, EV 99.4 MPH)
|
Batting: RHB John Gray
|
0-0: Foul Ball, location: 2F 0-1: SINGLE (Groundball, 34S, EV 67.5 MPH) (infield hit) Luke Vaccarino to second
|
Batting: RHB Jeremy Sipe
|
0-0: Called Strike 0-1: Swinging Strike 0-2: Ball 1-2: Ball 2-2: Foul Ball, location: 2F 2-2: Grounds into double play, 5-4-3 (Groundball, 56S, EV 85.0 MPH) Luke Vaccarino to third
|
Batting: RHB Mike Pitts
|
0-0: Called Strike 0-1: Ball 1-1: Ball 2-1: Called Strike 2-2: SINGLE (Groundball, 6M, EV 97.5 MPH) Luke Vaccarino scores
|
Batting: RHB Juan Estrada
|
0-0: Foul Ball, location: 2F 0-1: Ball 1-1: Foul Ball, location: 2F 1-2: Fly out, F8 (Line Drive, 89M, EV 96.2 MPH)
|
Top of the 4th over - 1 run, 3 hits, 0 errors, 1 left on base; Baltimore (WIN) 3 - Boston (WIN) 3 |
BOTTOM OF THE 4TH |
Boston (WIN) Red Sox batting - Pitching for Baltimore (WIN) Orioles : RHP Angel Cerros
|
Batting: RHB Ted Emmerich
|
0-0: Called Strike 0-1: Fly out, F8 (Line Drive, 8LD, EV 98.1 MPH)
|
Pitching: RHP Brent Widder
|
|
Batting: RHB Tony Nunez
|
0-0: Ball 1-0: Called Strike 1-1: SINGLE (Flyball, 8RS, EV 100.0 MPH)
|
Batting: LHB Tim Fuller
|
0-0: Ball 1-0: Called Strike 1-1: Ball 2-1: Ball 3-1: Base on Balls Tony Nunez to second
|
Batting: RHB Jose Diaz
|
0-0: Called Strike 0-1: Swinging Strike 0-2: Strikes out swinging
|
Batting: LHB Zack Guillen
|
0-0: Foul Ball, location: 2F 0-1: Ball 1-1: Swinging Strike 1-2: Ball 2-2: Ball 3-2: Strikes out swinging
|
Bottom of the 4th over - 0 runs, 1 hit, 0 errors, 2 left on base; Baltimore (WIN) 3 - Boston (WIN) 3 |
TOP OF THE 5TH |
Baltimore (WIN) Orioles batting - Pitching for Boston (WIN) Red Sox : RHP Frank Picaso
|
Batting: RHB Joe Young
|
0-0: Ball 1-0: Ground out 4-3 (Groundball, 4, EV 102.5 MPH)
|
Batting: RHB Maup Gommers
|
0-0: Ball 1-0: SINGLE (Groundball, 4MD, EV 102.5 MPH)
|
Batting: RHB Daniel Jackson
|
0-0: Called Strike 0-1: Ball 1-1: Swinging Strike 1-2: Ball 2-2: Foul Ball, location: 2F 2-2: Foul Ball, location: 2F 2-2: Ball 3-2: Ground out 4-3 (Groundball, 34, EV 97.5 MPH) Maup Gommers to second
|
Batting: RHB Jonathan Mendoza
|
0-0: Called Strike 0-1: Ball 1-1: Ball 2-1: Called Strike 2-2: Ball 3-2: Foul Ball, location: 2F 3-2: Strikes out swinging
|
Top of the 5th over - 0 runs, 1 hit, 0 errors, 1 left on base; Baltimore (WIN) 3 - Boston (WIN) 3 |
BOTTOM OF THE 5TH |
Boston (WIN) Red Sox batting - Pitching for Baltimore (WIN) Orioles : RHP Brent Widder
|
Batting: SHB Greg Shaw
|
0-0: Called Strike 0-1: Ball 1-1: Ball 2-1: Ball 3-1: SINGLE (Groundball, 4MD, EV 101.2 MPH)
|
Batting: RHB Sal Rivera
|
Pickoff Throw to First - Out! 1-3 0-0: Ball 1-0: Ball 2-0: Ball 3-0: Base on Balls
|
Batting: RHB Miguel Villanueva
|
0-0: Called Strike 0-1: Called Strike 0-2: Strikes out swinging
|
Batting: RHB Joe Evrard
|
0-0: Foul Ball, location: 2F 0-1: Swinging Strike 0-2: Foul Ball, location: 2F 0-2: Fielders Choice at 2nd, 6-4 (Groundball, 6, EV 105.6 MPH)
|
Bottom of the 5th over - 0 runs, 1 hit, 0 errors, 1 left on base; Baltimore (WIN) 3 - Boston (WIN) 3 |
TOP OF THE 6TH |
Baltimore (WIN) Orioles batting - Pitching for Boston (WIN) Red Sox : RHP Frank Picaso
|
Pitching: LHP Ken Intagliata
|
|
Batting: RHB Luke Vaccarino
|
0-0: Called Strike 0-1: Ball 1-1: Ball 2-1: Ball 3-1: Foul Ball, location: 2F 3-2: Fly out, F5 (Line Drive, 5, EV 63.8 MPH)
|
Batting: RHB John Gray
|
0-0: Fly out, F8 (Line Drive, 8LD, EV 90.6 MPH)
|
Batting: RHB Jeremy Sipe
|
0-0: Ball 1-0: Called Strike 1-1: Fly out, F7 (Flyball, 78M, EV 91.9 MPH)
|
Top of the 6th over - 0 runs, 0 hits, 0 errors, 0 left on base; Baltimore (WIN) 3 - Boston (WIN) 3 |
BOTTOM OF THE 6TH |
Boston (WIN) Red Sox batting - Pitching for Baltimore (WIN) Orioles : RHP Brent Widder
|
Pinch Hitting: SHB Willie Koviak
|
0-0: Called Strike 0-1: Ball 1-1: Ground out 4-3 (Groundball, 4, EV 101.9 MPH)
|
Batting: RHB Tony Nunez
|
0-0: Foul Ball, location: 2F 0-1: Foul Ball, location: 2F 0-2: Strikes out looking
|
Batting: LHB Tim Fuller
|
0-0: Foul Ball, location: 2F 0-1: Ball 1-1: Ball 2-1: Swinging Strike 2-2: Fly out, F2 (Popup, 25F, EV 90.0 MPH)
|
Bottom of the 6th over - 0 runs, 0 hits, 0 errors, 0 left on base; Baltimore (WIN) 3 - Boston (WIN) 3 |
TOP OF THE 7TH |
Baltimore (WIN) Orioles batting - Pitching for Boston (WIN) Red Sox : LHP Ken Intagliata
|
Now at 3B: Willie Koviak
|
|
Batting: RHB Mike Pitts
|
0-0: Foul Ball, location: 2F 0-1: Ball 1-1: Ball 2-1: Ball 3-1: Fly out, F9 (Flyball, 9, EV 91.9 MPH)
|
Batting: RHB Juan Estrada
|
0-0: Ball 1-0: Swinging Strike 1-1: Ball 2-1: Ball 3-1: Foul Ball, location: 2F 3-2: Strikes out swinging
|
Batting: RHB Joe Young
|
0-0: Called Strike 0-1: Ball 1-1: Foul Ball, location: 2F 1-2: Foul Ball, location: 2F 1-2: Strikes out swinging
|
Top of the 7th over - 0 runs, 0 hits, 0 errors, 0 left on base; Baltimore (WIN) 3 - Boston (WIN) 3 |
BOTTOM OF THE 7TH |
Boston (WIN) Red Sox batting - Pitching for Baltimore (WIN) Orioles : RHP Brent Widder
|
Batting: RHB Jose Diaz
|
0-0: Ball 1-0: Foul Ball, location: 2F 1-1: Ground out 1-3 (Groundball, 15S, EV 66.9 MPH)
|
Batting: LHB Zack Guillen
|
0-0: Called Strike 0-1: Ball 1-1: Ball 2-1: Ball 3-1: Called Strike 3-2: Foul Ball, location: 2F 3-2: Strikes out looking
|
Batting: SHB Greg Shaw
|
0-0: Called Strike 0-1: Ball 1-1: Ball 2-1: Foul Ball, location: 2F 2-2: Foul Ball, location: 2F 2-2: Ball 3-2: Foul Ball, location: 2F 3-2: Strikes out swinging
|
Bottom of the 7th over - 0 runs, 0 hits, 0 errors, 0 left on base; Baltimore (WIN) 3 - Boston (WIN) 3 |
TOP OF THE 8TH |
Baltimore (WIN) Orioles batting - Pitching for Boston (WIN) Red Sox : LHP Ken Intagliata
|
Batting: RHB Maup Gommers
|
0-0: Swinging Strike 0-1: Ball 1-1: Ground out 5-3 (Groundball, 56S, EV 78.8 MPH)
|
Batting: RHB Daniel Jackson
|
0-0: Called Strike 0-1: Foul Ball, location: 2F 0-2: Ball 1-2: Strikes out looking
|
Batting: RHB Jonathan Mendoza
|
0-0: Foul Ball, location: 2F 0-1: Foul Ball, location: 2F 0-2: Foul Ball, location: 2F 0-2: Ball 1-2: Ball 2-2: Foul Ball, location: 2F 2-2: Ball 3-2: Ground out 5-3 (Groundball, 56, EV 86.2 MPH)
|
Top of the 8th over - 0 runs, 0 hits, 0 errors, 0 left on base; Baltimore (WIN) 3 - Boston (WIN) 3 |
BOTTOM OF THE 8TH |
Boston (WIN) Red Sox batting - Pitching for Baltimore (WIN) Orioles : RHP Brent Widder
|
Pitching: RHP Harley Hyde
|
|
Pinch Hitting: LHB David Moore
|
0-0: Ball 1-0: Ball 2-0: Ball 3-0: Called Strike 3-1: Called Strike 3-2: Base on Balls
|
Pinch Hitting: LHB Aaron Brannon
|
0-0: Called Strike 0-1: Ball 1-1: Ball 2-1: SINGLE (Groundball, 4, EV 93.8 MPH) David Moore to second Runner from 2nd tries for 3rd, SAFE, throw by CF made to third
|
Batting: RHB Joe Evrard
|
0-0: Foul Ball, location: 2F 0-1: Called Strike 0-2: SINGLE (Line Drive, 4D, EV 100.0 MPH) David Moore scores Aaron Brannon to second
|
Batting: SHB Willie Koviak
|
0-0: Ball 1-0: SINGLE (Line Drive, 7S, EV 101.2 MPH) Aaron Brannon to third Joe Evrard to second Runner from 3rd tries for Home, SAFE, throw by LF to home
|
Batting: RHB Tony Nunez
|
0-0: Called Strike 0-1: Ball 1-1: Sac Bunt to 2L - play at first, batter OUT! 2-4 Joe Evrard to third Willie Koviak to second
|
Batting: LHB Tim Fuller
|
0-0: Called Strike 0-1: Ball 1-1: SINGLE (Groundball, 4MD, EV 109.4 MPH) Joe Evrard scores Willie Koviak to third
|
Batting: RHB Jose Diaz
|
0-0: Ball 1-0: Ball 2-0: Foul Ball, location: 2F 2-1: Ball 3-1: Foul Ball, location: 2F 3-2: Base on Balls Tim Fuller to second
|
Pitching: RHP Bryant Orr
|
|
Batting: LHB Zack Guillen
|
0-0: Grounds into fielders choice 6-2 (Groundball, 4, EV 86.9 MPH) Tim Fuller to third Jose Diaz to second
|
Batting: SHB Greg Shaw
|
0-0: Ball 1-0: Foul Ball, location: 2F 1-1: Called Strike 1-2: Fly out, F9 (Flyball, 9D, EV 79.4 MPH)
|
Bottom of the 8th over - 3 runs, 4 hits, 0 errors, 3 left on base; Baltimore (WIN) 3 - Boston (WIN) 6 |
TOP OF THE 9TH |
Baltimore (WIN) Orioles batting - Pitching for Boston (WIN) Red Sox : LHP Ken Intagliata
|
Pitching: RHP Jim Whiteman
|
|
Now in LF: Dave Burwell
|
|
Now in CF: John Chiesa
|
|
Batting: RHB Luke Vaccarino
|
0-0: Called Strike 0-1: Fly out, F9 (Flyball, 9, EV 86.2 MPH)
|
Batting: RHB John Gray
|
0-0: Ball 1-0: Called Strike 1-1: Foul Ball, location: 2F 1-2: Foul Ball, location: 2F 1-2: Fly out, F7 (Flyball, 78D, EV 85.0 MPH)
|
Batting: RHB Jeremy Sipe
|
0-0: DOUBLE (Flyball, 89XD, EV 101.9 MPH)
|
Batting: RHB Mike Pitts
|
0-0: SINGLE (Groundball, 34D, EV 110.0 MPH) Jeremy Sipe to third
|
Batting: RHB Juan Estrada
|
0-0: Ball 1-0: Foul Ball, location: 2F 1-1: Ball 2-1: Called Strike 2-2: Ball 3-2: Foul Ball, location: 2F 3-2: Base on Balls Mike Pitts to second
|
Batting: RHB Joe Young
|
0-0: Fly out, F8 (Line Drive, 8RD, EV 89.4 MPH)
|
Top of the 9th over - 0 runs, 2 hits, 0 errors, 3 left on base; Baltimore (WIN) 3 - Boston (WIN) 6 |
|